 Dungeon Crawl Stone Soup version 0.31-a0-358-gac0dbeb3ab (webtiles) character file.

Game seed: 15578658725952715734

1165 randomguy2701 the Covered (level 8, -5/71 HPs)
             Began as an Armataur Fighter on July 25, 2023.
             Slain by Menkaure (11 damage)
             ... on level 6 of the Dungeon.
             The game lasted 00:08:26 (2891 turns).

randomguy2701 the Covered (Armataur Fighter)        Turns: 2891, Time: 00:08:31

Health: -5/71      AC: 12    Str: 24    XL:     8   Next: 17%
Magic:  8/8        EV:  5    Int:  8    God:
Gold:   191        SH:  5    Dex: 10    Spells: 7/7 levels left

rFire   + . .        a - +0 rapier
rCold   x . .        c - +0 buckler
rNeg    . . .        n - +0 plate armour
rPois   .            u - +0 helmet
rElec   .            (no cloak)
rCorr   .            (no gloves)
SInv    .            (no barding)
Will    .....        o - amulet of regeneration Stlth
                     t - ring of fire
HPRegen 1.11/turn    (no ring)
MPRegen 0.11/turn

%: roll
@: no status effects
A: large, rugged brown scales 3, deformed body, armoured tail, roll, long
tongue, awkward tongue
a: no special abilities


You were on level 6 of the Dungeon.
You visited 1 branch of the dungeon, and saw 5 of its levels.

You collected 191 gold pieces.

Inventory:

Hand Weapons
 a - a +0 rapier (weapon)
Armour
 b - a +0 scale mail
 c - a +0 buckler (worn)
 n - a +0 plate armour (worn)
 u - a +0 helmet (worn)
Jewellery
 h - an amulet of the acrobat
 j - an amulet of magic regeneration
 o - an amulet of regeneration (around neck)
 t - a ring of fire (left hand)
Wands
 d - a wand of charming (10)
 v - a wand of flame (15)
Scrolls
 e - 2 scrolls of teleportation {unknown}
 f - 2 scrolls of vulnerability {unknown}
 l - 2 scrolls of enchant weapon {unknown}
 p - 3 scrolls of identify {unknown}
 r - 2 scrolls of noise {unknown}
 s - a scroll of amnesia {unknown}
 w - a scroll of enchant armour {unknown}
Potions
 g - a potion of ambrosia {unknown}
 i - a potion of haste {unknown}
 k - 2 potions of curing {unknown}
 m - a potion of degeneration {unknown}
 q - a potion of enlightenment {unknown}


   Skills:
 + Level 4.4 Fighting
 + Level 6.2 Short Blades
 + Level 6.5 Armour
 + Level 0.5 Dodging
 + Level 5.1 Shields
 * Level 0.1 Evocations


You had 7 spell levels left.
You didn't know any spells.
Your spell library was empty.

Dungeon Overview and Level Annotations

Branches:
Dungeon (5/15)
 Temple: D:4-7

Altars:
Dithmenos

Shops:
D:1 (

Annotations:
D:6 Menkaure


Innate Abilities, Weirdness & Mutations

You are completely covered in rugged brown scales. (AC +3, +7% HP)
Armour fits poorly on your strangely shaped body.
You have a long armoured tail.
You roll when moving toward enemies. (Rampage)
Your long tongue fully drains potion bottles. (2x potion effects)
Your tongue gives you trouble enunciating. (1.5x scroll delay)


Message History

You hit the hound.
You tail-slap the hound, but do no damage.
The hound is severely wounded.
The hound bites you but does no damage.
You hit the hound but do no damage.
The hound is severely wounded.
The hound bites you but does no damage.
You closely miss the hound.
Your tail-slap misses the hound.
The hound is severely wounded.
The hound bites you but does no damage. x2
You hit the hound but do no damage. You tail-slap the hound.
You kill the hound!
No target in view!
You see here a hound corpse.
You now have 173 gold pieces (gained 8).
You now have 191 gold pieces (gained 18).
w - a scroll labelled GANOUTIMESH
Found a robe.
No target in view!
Menkaure, Prince of Dust comes into view.
Menkaure shouts!
Menkaure calls on the powers of darkness!
Your body is wracked with pain!
You hit Menkaure but do no damage. Menkaure hits you!
You hit Menkaure but do no damage.
Menkaure calls on the powers of darkness!
Your body is wracked with pain!
* * * LOW HITPOINT WARNING * * *
You hit Menkaure.
Menkaure is lightly damaged.
Menkaure hits you!
* * * LOW HITPOINT WARNING * * *
Unknown command.
Aiming: Throw Flame
Press: ? - help, Q - select action, (/) - cycle Shift-Dir - straight line, f - Menkaure
Aim: Menkaure (lightly damaged, 85% to hit)
The puff of flame hits Menkaure!
Menkaure is burned terribly!
Menkaure is moderately damaged.
Menkaure hits you!
You die...

#...... #.##### #.#
##.#####
##########.......
#...............#
##.########..#####
#.###...# #..# #(...@#.#
#..# ........M.#
#..#####
#######.#########.......
#.....^.....######
#############


You could see Menkaure.

Vanquished Creatures
  Grinder (D:6)
  Edmund (D:6)
  2 black bears (D:6)
  An ogre (D:5)
  3 scorpions
  An orc priest (D:6)
  2 hounds
  A jelly (D:6)
  Jessica (D:3)
  Ijyb (D:5)
  2 iguanas
  3 orc wizards
  6 adders
  4 worms
  A dart slug (D:1)
  11 orcs
  5 ball pythons
  5 endoplasms
  6 goblins
  6 hobgoblins
  7 jackals
  2 kobolds
  4 quokkas
  5 bats
  5 frilled lizards
  9 rats
95 creatures vanquished.

Notes
Turn   | Place    | Note
-------+----------+-------------------------------------------
     0 | D:1      | randomguy2701 the Armataur Fighter began the quest for the
                  | Orb.
     0 | D:1      | Reached XP level 1. HP: 19/19 MP: 1/1
    41 | D:1      | Found a shadowy altar of Dithmenos.
    43 | D:1      | Reached XP level 2. HP: 26/26 MP: 2/2
   157 | D:1      | Found a faded altar of an unknown god.
   628 | D:1      | Found Ebidex's Weapon Shoppe.
   819 | D:2      | Reached XP level 3. HP: 25/33 MP: 3/3
  1280 | D:2      | You fall into a shaft and drop 1 floor!
  1293 | D:3      | Reached XP level 4. HP: 39/40 MP: 4/4
  1717 | D:3      | Noticed Jessica
  1720 | D:3      | Killed Jessica
  1825 | D:3      | Reached XP level 5. HP: 48/48 MP: 5/5
  1882 | D:3      | You fall into a shaft and drop 2 floors!
  1882 | D:5      | Entered Level 5 of the Dungeon
  1906 | D:5      | Reached skill level 5 in Armour
  1929 | D:5      | Noticed Ijyb
  1953 | D:5      | Reached XP level 6. HP: 44/54 MP: 6/6
  2006 | D:5      | Killed Ijyb
  2364 | D:5      | You fall into a shaft and drop 1 floor!
  2399 | D:6      | Reached XP level 7. HP: 54/62 MP: 7/7
  2544 | D:6      | Noticed Edmund
  2550 | D:6      | Reached skill level 5 in Short Blades
  2566 | D:6      | Killed Edmund
  2672 | D:6      | Noticed Grinder
  2676 | D:6      | Paralysed by Grinder for 3 turns
  2691 | D:6      | Killed Grinder
  2692 | D:6      | Reached skill level 5 in Shields
  2692 | D:6      | Reached XP level 8. HP: 35/71 MP: 8/8
  2886 | D:6      | Noticed Menkaure
  2891 | D:6      | Slain by Menkaure

Illustrated notes

Levels and vault maps discovered:
D:1:      minmay_arrival_semitransparent, layout_loops_cross,
          shapermc_ecumenical_altar_mp_urbaneastern, serial_shops,
          nicolae_shop_peninsula, hangedman_decor_points, st_stairs_9,
          skrybe_limestone_x, minmay_hexomino_r4
D:2:      layout_loops_ring, serial_glass, glass_columns_a, glass_columns_c,
          serial_park_tiny_1, kennysheep_generic_room_11
D:3:      layout_basic, hex_tiny, nicolae_wormholes, uniq_jessica
D:5:      minmay_recursive_quarters, layout_gridville, minmay_temple_entry_tees,
          chequers_ossuary_entry_cave, serial_rivers,
          chequers_serial_rivers_room_b, chequers_serial_rivers_large_a,
          chequers_serial_rivers_small_a, chequers_serial_rivers_marsh,
          chequers_serial_rivers_marsh, chequers_serial_rivers_micro_d,
          minmay_stone_trees_medium, uniq_ijyb
D:6:      layout_loops_ring, uniq_edmund, uniq_menkaure, uniq_grinder

Skill      XL: |  1  2  3  4  5  6  7 |
---------------+----------------------+-----
Armour         | 4 5 6 |  6.5
Fighting       | 3 4 |  4.4
Short Blades   | 2 3 4 6 |  6.2
Shields        | 4 5 |  5.1
Dodging        | |  0.5
Evocations     | |  0.1

Action                     |  1- 3 |  4- 6 |  7- 9 || total
---------------------------+-------+-------+-------++-------
  Melee: Rapier            |   117 |   249 |    90 ||   456
         Tailslap          |    11 |    26 |    13 ||    50
  Evoke: Wand              |       |     1 |     1 ||     2
    Use: Potion            |       |     1 |       ||     1
 Armour: Scale mail        |    30 |       |       ||    30
         Plate armour      |    69 |   206 |    49 ||   324
  Dodge: Dodged            |    43 |    52 |    14 ||   109
  Block: Buckler           |    31 |    41 |    24 ||    96

Table legend: (Time is in decaauts)
 A = Elapsed time spent in this place.
 B = Non-inter-level travel time spent in this place.
 C = Inter-level travel time spent in this place.
 D = Time resting spent in this place.
 E = Time spent auto-exploring this place.
 F = Levels seen in this place.
 G = Mean time per level.
                   A        B        C        D        E       F      G
               +--------+--------+--------+--------+--------+-----+--------+
         Total |   2914 |   2876 |     38 |      6 |   1976 |   5 |  582.8 |
       Dungeon |   2914 |   2876 |     38 |      6 |   1976 |   5 |  582.8 |
               +--------+--------+--------+--------+--------+-----+--------+

Top non-repeatable levels by time:
     D:1: 763 daAuts
     D:2: 660 daAuts
     D:6: 523 daAuts
     D:5: 484 daAuts
     D:3: 482 daAuts
